Map: Jagannatha LE

Players

Geralt (Gerald)

  • Race: Protoss Protoss
  • League: Grandmaster
  • Spawn Location: 7:00

Lambo - Winner!

  • Race: Zerg Zerg
  • League: Master
  • Spawn Location: 1:00

Event: DreamHack SC2 Masters 2020 Winter

VOD

Have the link to the VOD?

Description

Time

  • Played on: Nov. 5, 2020, 2:30 p.m.
  • Length: 16:52

All games in this series

Show
View Real Time Build Order
Export as new Build Order

Geralt Protoss 

Build Orders: Oracle Opening, Chargelot Immortal 

Get SALT Encoding   

  12  0:00  Probe  
  13  0:12  Probe  
  14  0:20  Pylon  
  14  0:24  Probe  
  15  0:29  Assimilator  
  15  0:38  Probe (Chrono Boost)  
  16  0:45  Gateway  
  16  0:47  Probe (Chrono Boost)  
  17  0:53  Probe  
  18  1:05  Probe  
  19  1:17  Probe  
  20  1:20  Pylon  
  20  1:26  Gateway  
  20  1:30  Zealot (Chrono Boost)  
  21  1:33  Cybernetics Core  
  21  1:43  Probe  
  22  1:48  Zealot (Chrono Boost)  
  22  1:50  Assimilator  
  24  2:02  Probe  
  25  2:12  Adept (Chrono Boost)  
  29  2:17  Adept (Chrono Boost)  
  29  2:28  Probe  
  30  2:36  Nexus  
  30  2:44  Probe  
  30  2:49  Stargate  
  31  2:52  Warp Gate  
  31  3:07  Pylon  
  31  3:14  Probe  
  30  3:26  Probe, Void Ray (Chrono Boost)  
  31  3:38  Probe  
  38  3:49  Probe  
  38  3:50  Probe  
  36  3:59  Oracle (Chrono Boost)  
  36  4:01  Pylon  
  36  4:02  Probe x2  
  41  4:12  Nexus  
  41  4:15  Probe  
  42  4:26  Probe, Oracle (Chrono Boost)  
  42  4:28  Probe  
  47  4:33  Robotics Facility  
  47  4:37  Assimilator  
  47  4:40  Probe  
  47  4:41  Probe  
  49  4:52  Probe  
  50  4:55  Probe (Chrono Boost)  
  50  4:56  Oracle  
  55  5:07  Forge  
  55  5:08  Probe (Chrono Boost)  
  55  5:09  Probe (Chrono Boost)  
  55  5:10  Twilight Council  
  56  5:16  Probe (Chrono Boost)  
  56  5:19  Probe (Chrono Boost)  
  58  5:28  Probe (Chrono Boost)  
  58  5:31  Probe (Chrono Boost), Immortal  
  58  5:32  Probe (Chrono Boost)  
  65  5:38  Adept x2  
  65  5:40  Probe (Chrono Boost)  
  65  5:42  Assimilator  
  71  5:44  Protoss Ground Weapons Level 1  
  71  5:48  Probe x2 (Chrono Boost)  
  71  5:49  Probe (Chrono Boost)  
  73  5:54  Probe  
  73  5:55  Shield Battery  
  74  5:58  Pylon, Probe  
  74  6:00  Probe  
  76  6:06  Probe  
  77  6:13  Pylon  
  77  6:16  Probe, Immortal (Chrono Boost)  
  81  6:19  Zealot x2  
  85  6:31  Probe x3  
  85  6:32  Templar Archives  
  88  6:43  Zealot, Probe x3  
  93  6:53  Observer (Chrono Boost)  
  93  6:55  Pylon, Probe x2  
  93  7:01  Gateway  
  93  7:03  Gateway  
  93  7:06  Pylon  
  93  7:09  Assimilator  
  93  7:10  Charge (Chrono Boost)  
  93  7:12  Assimilator  
  93  7:13  Pylon x2, Probe x3  
  96  7:21  Pylon  
  96  7:25  Probe x3  
  99  7:36  Phoenix (Chrono Boost)  
  99  7:37  Probe x3  
  99  7:42  Gateway  
  99  7:43  Gateway  
  104  7:47  Stargate  
  104  7:49  Probe x3, Immortal  
  111  8:00  High Templar x3  
  111  8:01  Probe x3  
  120  8:14  Probe  
  120  8:15  Probe  
  120  8:16  Nexus, Probe  
  120  8:18  Pylon  
  120  8:19  Photon Cannon x2  
  123  8:20  Shield Battery x2, Protoss Ground Weapons Level 2  
  123  8:22  Pylon  
  123  8:28  Probe  
  123  8:30  Fleet Beacon, Archon  
  123  8:31  Phoenix x2 (Chrono Boost)  
  126  8:47  Stalker x2  
  127  8:53  Stalker x2, Phoenix x2 (Chrono Boost)  
  133  8:59  Stalker x2  
  133  9:10  Zealot x2  
  133  9:14  Phoenix x2  
  137  9:23  Zealot x4, Anion Pulse-Crystals (Chrono Boost)  
  124  9:33  Probe  
  124  9:34  Probe x2  
  124  9:36  Probe  
  124  9:37  Photon Cannon  
  128  9:39  Photon Cannon, Phoenix (Chrono Boost)  
  128  9:41  Immortal (Chrono Boost)  
  136  9:49  Phoenix (Chrono Boost)  
  136  9:52  High Templar, Zealot x4  
  146  9:58  Pylon  
  146  10:01  Phoenix (Chrono Boost)  
  146  10:03  Assimilator  
  145  10:08  Assimilator, Phoenix (Chrono Boost)  
  147  10:16  Phoenix (Chrono Boost)  
  147  10:21  Photon Cannon  
  147  10:22  Shield Battery  
  147  10:26  Phoenix (Chrono Boost)  
  143  10:34  Phoenix  
  145  10:42  Protoss Air Weapons Level 1 (Chrono Boost)  
  132  10:44  Stalker x2  
  132  10:45  Zealot x4  
  110  10:59  Probe x2  
  110  11:01  Probe x2  
  101  11:07  Zealot x6  
  114  11:11  Probe (Chrono Boost)  
  114  11:13  Probe (Chrono Boost)  
  114  11:14  Photon Cannon  
  114  11:18  Psionic Storm  
  115  11:19  Phoenix  
  115  11:23  Probe (Chrono Boost)  
  115  11:24  Probe (Chrono Boost)  
  117  11:25  Pylon, Probe (Chrono Boost)  
  117  11:28  Probe (Chrono Boost)  
  117  11:30  Phoenix, Probe (Chrono Boost)  
  117  11:31  Probe x2 (Chrono Boost)  
  120  11:33  High Templar x2  
  120  11:37  Probe  
  125  11:40  Probe  
  125  11:43  Probe  
  125  11:44  Phoenix  
  129  11:47  Photon Cannon  
  129  11:50  High Templar, Zealot  
  133  11:55  Phoenix  
  134  12:08  High Templar  
  134  12:09  Phoenix  
  134  12:11  Probe  
  134  12:15  Assimilator, Gateway  
  137  12:16  Probe  
  137  12:20  Probe x2  
  140  12:23  Probe  
  140  12:28  Probe  
  140  12:29  Zealot x2  
  148  12:30  Pylon  
  148  12:32  Probe  
  148  12:33  Probe  
  148  12:36  Probe  
  151  12:38  Gateway  
  151  12:40  Probe  
  153  12:44  Probe  
  153  12:51  Gateway  
  151  12:53  High Templar x3  
  151  12:54  High Templar, Gateway  
  159  13:02  Archon x2  
  153  13:07  Protoss Ground Weapons Level 3 (Chrono Boost)  
  153  13:09  Probe  
  153  13:11  Fleet Beacon  
  154  13:21  Pylon  
  154  13:24  Photon Cannon, Pylon  
  154  13:25  Photon Cannon  
  154  13:31  Probe  
  154  13:32  Probe  
  149  13:35  Pylon  
  149  13:36  Probe  
  149  13:39  Immortal  
  152  13:53  Zealot x5  
  155  14:00  Carrier x2 (Chrono Boost)  
  155  14:01  Probe  
  155  14:02  Probe  
  151  14:05  Probe x2  
  151  14:06  Gateway  
  151  14:08  Pylon  
  161  14:18  Immortal  
  161  14:21  Probe  
  161  14:22  Probe  
  167  14:27  Probe x2  
  167  14:30  Pylon  
  169  14:38  Probe  
  166  15:02  Probe x2  
  168  15:09  Assimilator, Pylon  
  168  15:10  Gateway  
  168  15:12  Zealot x8  
  168  15:13  Assimilator  
  184  15:21  Tempest x2  
  140  15:43  Zealot x3  
  140  15:44  Zealot x3  
  129  15:57  High Templar x2  
  129  16:01  Tempest (Chrono Boost)  
  129  16:02  Archon  
  129  16:04  Probe  
  123  16:05  Tempest (Chrono Boost)  
  123  16:06  High Templar  
  123  16:07  High Templar x3  
  123  16:10  Archon  
  123  16:11  Archon  
  77  16:31  Zealot x2  
  61  16:40  Zealot x2  
Show
View Real Time Build Order
Export as new Build Order

Lambo Zerg - Winner!

Build Orders: Pool First, Brood Lord Corruptor, Muta Ling Bane 

Get SALT Encoding   

  12  0:17  Spawning Pool  
  11  0:21  Drone  
  11  0:26  Drone  
  13  0:31  Drone  
  14  0:39  Overlord  
  14  1:03  Zergling x4  
  16  1:04  Queen, Zergling x2  
  19  1:15  Zergling x2  
  20  1:29  Zergling x2  
  21  1:35  Hatchery  
  21  1:39  Drone  
  21  1:49  Overlord  
  21  1:58  Drone  
  22  2:06  Queen  
  24  2:08  Drone  
  24  2:11  Drone  
  24  2:15  Drone  
  27  2:16  Drone  
  27  2:21  Drone  
  29  2:28  Extractor  
  28  2:31  Drone  
  29  2:42  Drone  
  30  2:50  Drone  
  31  2:52  Queen  
  31  2:57  Drone x3  
  35  3:05  Drone  
  35  3:09  Overlord  
  35  3:18  Hatchery  
  34  3:25  Drone  
  35  3:28  Metabolic Boost  
  35  3:32  Drone x2  
  35  3:33  Drone  
  38  3:36  Drone  
  38  3:38  Drone  
  38  3:40  Drone  
  41  3:43  Drone  
  41  3:46  Overlord  
  42  3:50  Drone  
  42  3:54  Overlord  
  43  3:56  Drone  
  44  4:04  Queen  
  44  4:09  Overlord  
  46  4:13  Drone x4  
  46  4:16  Drone x2  
  52  4:22  Overlord  
  52  4:27  Spore Crawler  
  52  4:28  Spore Crawler  
  52  4:29  Queen  
  52  4:30  Drone x2  
  54  4:33  Drone x2  
  54  4:36  Overlord  
  56  4:40  Zergling x4  
  56  4:43  Drone x2  
  60  4:46  Drone x2  
  60  4:48  Spore Crawler  
  60  4:52  Drone x2  
  63  4:54  Drone x2  
  63  4:57  Drone x2  
  65  5:01  Queen  
  65  5:05  Lair  
  67  5:09  Extractor  
  67  5:10  Extractor  
  67  5:11  Roach Warren  
  67  5:12  Drone  
  67  5:13  Drone  
  66  5:16  Drone  
  66  5:18  Drone x2  
  66  5:19  Drone x2  
  70  5:21  Drone x2  
  70  5:23  Drone  
  70  5:27  Drone  
  73  5:36  Overlord x2  
  73  5:41  Evolution Chamber  
  72  5:43  Drone  
  72  5:44  Spore Crawler  
  72  5:47  Drone  
  73  5:50  Extractor  
  73  5:51  Extractor, Overlord  
  73  5:52  Drone x3, Extractor  
  73  5:53  Hatchery  
  73  5:54  Zergling x8  
  76  5:58  Zergling x4  
  76  6:01  Drone  
  79  6:04  Drone  
  79  6:05  Drone  
  79  6:07  Overlord  
  79  6:08  Zergling x2  
  82  6:17  Roach  
  82  6:18  Roach x4  
  92  6:22  Drone  
  93  6:26  Spire  
  93  6:27  Roach x4  
  93  6:30  Overlord  
  101  6:36  Drone x4  
  105  6:40  Drone  
  106  6:47  Drone  
  106  6:50  Hatchery  
  106  6:51  Drone x6  
  107  7:04  Zergling x10  
  107  7:07  Zergling x2  
  110  7:12  Zerg Melee Weapons Level 1, Glial Reconstitution  
  110  7:16  Drone x3  
  110  7:21  Overlord  
  113  7:29  Overlord  
  113  7:32  Overlord  
  111  7:38  Extractor  
  111  7:39  Mutalisk x5  
  111  7:41  Overlord  
  111  7:43  Zerg Flyer Weapons Level 1  
  120  7:44  Overlord  
  120  7:45  Baneling Nest  
  120  7:47  Mutalisk x4, Overlord  
  127  7:52  Mutalisk x2  
  127  7:54  Zergling x2, Roach  
  134  8:01  Drone x2  
  136  8:05  Mutalisk x2  
  136  8:07  Extractor  
  136  8:08  Drone x3  
  141  8:13  Drone x2  
  141  8:15  Roach x5  
  153  8:21  Overlord  
  153  8:23  Roach x2  
  157  8:27  Overlord  
  157  8:32  Zergling x4  
  159  8:39  Zergling x20  
  167  8:45  Mutalisk x4  
  175  8:57  Overlord  
  175  8:59  Overlord  
  175  9:05  Overlord  
  175  9:06  Zerg Missile Weapons Level 1  
  175  9:07  Queen, Hatchery  
  174  9:11  Zergling x2  
  174  9:16  Zergling x14  
  171  9:22  Zergling x14  
  162  9:25  Mutalisk x6  
  171  9:36  Mutalisk x2  
  171  9:37  Evolution Chamber, Mutalisk x2, Hydralisk Den  
  171  9:38  Zergling x4  
  179  9:44  Mutalisk x2  
  183  9:48  Drone x2  
  182  9:53  Centrifical Hooks  
  182  9:54  Drone  
  183  10:03  Zergling x6  
  181  10:08  Zergling x18  
  181  10:13  Muscular Augments  
  186  10:18  Infestation Pit  
  177  10:29  Hydralisk x10  
  195  10:41  Hydralisk x6  
  188  10:53  Hydralisk x5  
  188  10:55  Overlord  
  188  10:56  Overlord  
  185  10:57  Overlord  
  185  10:58  Overlord  
  185  11:02  Drone x2  
  185  11:03  Drone, Hydralisk  
  185  11:04  Hydralisk x4  
  182  11:10  Drone x6  
  198  11:17  Zergling x8  
  193  11:20  Zerg Missile Weapons Level 2, Hive  
  193  11:24  Grooved Spines  
  193  11:26  Zerg Melee Weapons Level 2  
  193  11:28  Zergling x8  
  193  11:30  Drone x2  
  199  11:33  Spine Crawler  
  199  11:35  Zergling x2  
  199  11:36  Zergling x2  
  200  11:41  Baneling x2  
  200  11:42  Overlord  
  200  11:44  Pneumatized Carapace  
  200  11:45  Overlord  
  200  11:47  Overlord  
  197  11:54  Overlord  
  197  11:55  Drone x2  
  197  11:56  Overlord  
  196  12:06  Zergling x20  
  199  12:20  Baneling x9  
  199  12:23  Hatchery  
  199  12:28  Zergling x2  
  197  12:31  Extractor x2  
  193  12:37  Greater Spire  
  193  12:40  Drone x6  
  199  12:47  Overseer  
  199  12:57  Spire  
  198  13:18  Baneling x13  
  192  13:37  Zerg Ground Armor Level 1  
  192  13:38  Corruptor x3  
  198  13:42  Overseer  
  198  13:43  Spine Crawler  
  198  13:45  Spine Crawler  
  189  13:56  Corruptor x5  
  189  14:00  Pathogen Glands  
  199  14:09  Corruptor x3  
  185  14:22  Zerg Flyer Weapons Level 2, Extractor, Spine Crawler  
  185  14:23  Zerg Flyer Armor Level 1  
  185  14:24  Extractor, Spine Crawler  
  179  14:25  Corruptor x2  
  179  14:34  Brood Lord x8  
  179  14:35  Corruptor  
  197  14:42  Spore Crawler x2  
  197  14:43  Spore Crawler  
  186  14:45  Drone x8  
  186  14:46  Drone  
  186  14:47  Drone x5  
  186  14:48  Drone  
  186  14:49  Drone x5  
  186  14:50  Spine Crawler  
  197  14:55  Baneling x5  
  197  14:56  Baneling  
  194  15:02  Brood Lord  
  194  15:03  Corruptor  
  194  15:04  Corruptor  
  200  15:12  Neural Parasite  
  194  15:29  Corruptor x3  
  191  15:36  Corruptor x3  
  191  15:39  Zergling x10  
  191  15:42  Zergling x16  
  188  15:50  Zergling x24  
  198  15:59  Zergling x8  
  197  16:05  Hydralisk x2  
  195  16:14  Hydralisk x2  
  194  16:22  Hydralisk x5  
  194  16:25  Hydralisk  
  194  16:26  Hydralisk x2  
  194  16:28  Overlord  
Tags
 
Add a new tag
Caveats
  • Supply blocks, unpowered buildings, or Contaminate may cause inaccurate times.
  • Supply counts are checked every 10 seconds.